 Dungeon Crawl Stone Soup version 0.21.1-1-g345015fe64 (webtiles) character file.

53 Rasser the Magician (level 3, -1/19 HPs)
             Began as a Deep Elf Wizard on Mar 7, 2018.
             Slain by a worker ant (5 damage)
             ... on level 2 of the Dungeon.
             The game lasted 00:03:11 (1018 turns).

Rasser the Magician (Deep Elf Wizard)               Turns: 1018, Time: 00:03:12

Health: -1/19      AC:  2    Str:  4    XL:     3   Next: 62%
Magic:  6/11       EV: 13    Int: 23    God:
Gold:   98         SH:  0    Dex: 13    Spells: 11/12 levels left

rFire    . . .     SeeInvis .   n - +0 dagger (pain)
rCold    . . .     Gourm    .   (no shield)
rNeg     . . .     Faith    .   a - +0 robe
rPois    .         Spirit   .   b - +0 hat
rElec    .         Reflect  .   (no cloak)
rCorr    .         Harm     .   (no gloves)
MR       .....                  (no boots)
Stlth    ++........             (no amulet)
HPRegen  0.06/turn              (no ring)
MPRegen  0.12/turn              (no ring)

@: lethally poisoned (-1 -> -9)
A: no striking features
a: no special abilities


You were on level 2 of the Dungeon.
You were not hungry.

You visited 1 branch of the dungeon, and saw 2 of its levels.

You collected 98 gold pieces.

Inventory:

Hand Weapons
 n - a +0 dagger of pain (weapon)
Missiles
 o - 14 poisoned needles
Armour
 a - a +0 robe (worn)
 b - a +0 hat (worn)
Jewellery
 e - an uncursed amulet of faith {unknown}
 l - an uncursed ring of flight {unknown}
Scrolls
 g - a scroll of remove curse {unknown}
 h - 2 scrolls of teleportation {unknown}
 j - a scroll of fear {unknown}
 m - 2 scrolls of enchant armour {unknown}
 q - a scroll of blinking {unknown}
Potions
 f - a potion of berserk rage {unknown}
 i - a potion of agility {unknown}
 k - a potion of invisibility {unknown}
 p - a potion of resistance {unknown}
Books
 c - a book of Minor Magic

   Spells                             Type                      Level
   a - Magic Dart                     Conjuration                  1
   b - Blink                          Translocation                2
   c - Call Imp                       Summoning                    2
   d - Slow                           Hexes                        2
   e - Conjure Flame                  Conjuration/Fire             3
   f - Mephitic Cloud                 Conjuration/Poison/Air       3
Comestibles
 d - a ration


   Skills:
 - Level 2.4 Dodging
 - Level 3.1 Stealth
 + Level 5.0 Spellcasting
 * Level 3.0 Conjurations
   Level 1.1 Summonings
   Level 1.1 Translocations


You had 11 spell levels left.
You knew the following spells:

 Your Spells              Type           Power        Failure   Level  Hunger
a - Magic Dart            Conj           ###.         2%          1    None


Dungeon Overview and Level Annotations

Branches:
Dungeon (2/15)

Altars:


Message History

Aim: a worker ant (lightly wounded)
The magic dart hits the worker ant.
The worker ant is moderately wounded.
The worker ant bites you.
Casting: Magic Dart
Confirm with . or Enter, or press ? or * to list all spells.
Aiming: Magic Dart
Press: ? - help, Shift-Dir - straight line, f/p - worker ant
Aim: a worker ant (moderately wounded)
The magic dart hits the worker ant.
The worker ant is moderately wounded.
The worker ant bites you.
You are lethally poisoned!
The worker ant poisons you!
You feel sick.
* * * LOW HITPOINT WARNING * * *
You feel sick.
* * * LOW HITPOINT WARNING * * *
You feel sick. The worker ant bites you.
You die...

.. ..# #.#### #. #.#
#..... #.##.##
###########
#.#...###...# # #
#.........<.#######
#.####.#...###..........
#.........## ###########
........### #..###.@# ##
#..###.a###### .
#............#
#.#..#.#).####.#
##.#..#.#.......#
#.......#.####..#
#...<...#. ..
##.......##
...........###


You could see a worker ant.

Vanquished Creatures
  An ooze (D:1)
  A dart slug (D:1)
  A leopard gecko (D:1)
  8 bats
  A giant cockroach (D:1)
  8 goblins
  6 hobgoblins
  4 jackals
  5 kobolds
  3 frilled lizards (D:1)
  4 rats (D:1)
42 creatures vanquished.

Notes
Turn   | Place    | Note
-------+----------+-------------------------------------------
     0 | D:1      | Rasser the Deep Elf Wizard began the quest for the Orb.
     0 | D:1      | Reached XP level 1. HP: 10/10 MP: 7/7
   160 | D:1      | Reached XP level 2. HP: 14/15 MP: 4/9
   513 | D:1      | Reached XP level 3. HP: 19/19 MP: 9/11
   942 | D:2      | Reached skill level 5 in Spellcasting
  1018 | D:2      | Slain by a worker ant

Skill      XL: |  1  2  3 |
---------------+----------+-----
Stealth        | 3 |  3.1
Conjurations   | 2 3 |  3.0
Spellcasting   | 5 |  5.0
Dodging        | |  2.4
Summonings     | |  1.1
Translocations | |  1.1

Action                   || total
-------------------------++-------
Melee: Unarmed           ||     9
 Cast: Magic Dart        ||    86
Armor: Robe              ||     1
Dodge: Dodged            ||    22
